 Dungeon Crawl Stone Soup version 0.21-a0-94-gdd6ab6a (webtiles) character file.

64 Ordine the Magician (level 3, -1/19 HPs)
             Began as a Deep Elf Wizard on July 3, 2017.
             Slain by Crazy Yiuf
             ... wielding a +3 quarterstaff of chaos
              (8 damage)
             ... on level 2 of the Dungeon.
             The game lasted 00:05:15 (2045 turns).

Ordine the Magician (Deep Elf Wizard)               Turns: 2045, Time: 00:05:16

Health: -1/19      AC:  2    Str:  4    XL:     3   Next: 91%
Magic:  1/11       EV: 13    Int: 23    God:
Gold:   157        SH:  0    Dex: 13    Spells: 3/12 levels left

rFire    . . .     SeeInvis .   q - +0 short sword
rCold    . . .     Gourm    .   (no shield)
rNeg     . . .     Faith    +   a - +0 robe
rPois    .         Spirit   .   b - +0 hat
rElec    .         Reflect  .   (no cloak)
rCorr    .         Harm     .   (no gloves)
MR       .....                  (no boots)
Stlth    ++........             h - amulet of faith
HPRegen  0.06/turn              (no ring)
MPRegen  0.12/turn              (no ring)

@: no status effects
A: no striking features
a: no special abilities


You were on level 2 of the Dungeon.
You were not hungry.

You visited 1 branch of the dungeon, and saw 2 of its levels.

You collected 157 gold pieces.

Inventory:

Hand Weapons
 q - a +0 short sword (weapon)
Armour
 a - a +0 robe (worn)
 b - a +0 hat (worn)
 n - a +0 buckler
Jewellery
 h - an amulet of faith (around neck)
Scrolls
 e - 2 scrolls of remove curse
 i - a scroll of immolation
Potions
 j - a potion of cancellation
 k - a potion of invisibility
 l - a potion of brilliance {unknown}
 o - a potion of curing
Books
 c - a book of Minor Magic

   Spells                             Type                      Level
   a - Magic Dart                     Conjuration                  1
   b - Blink                          Translocation                2
   c - Call Imp                       Summoning                    2
   d - Slow                           Hexes                        2
   e - Conjure Flame                  Conjuration/Fire             3
   f - Mephitic Cloud                 Conjuration/Poison/Air       3
Comestibles
 d - a bread ration
 f - a royal jelly
 g - a chunk of flesh
 m - 2 fruits


   Skills:
 - Level 2.4 Dodging
 + Level 3.1 Stealth
 + Level 5.1 Spellcasting
 * Level 2.9 Conjurations
   Level 1.1 Summonings
 + Level 1.5 Translocations


You had 3 spell levels left.
You knew the following spells:

 Your Spells              Type           Power        Failure   Level  Hunger
a - Magic Dart            Conj           ###.         2%          1    None
b - Blink                 Tloc           N/A          8%          2    None
c - Conjure Flame         Conj/Fire      ##......     16%         3    ##.....
d - Mephitic Cloud        Conj/Pois/Air  ##......     19%         3    ##.....


Dungeon Overview and Level Annotations

Branches:
Dungeon (2/15)

Altars:
Gozag
Hepliaklqana
Trog

Annotations:
D:2 Crazy Yiuf


Message History

Aiming: Magic Dart
Press: ? - help, Shift-Dir - straight line, f/p - Crazy Yiuf
Aim: Crazy Yiuf, wielding a quarterstaff of chaos and wearing an embroidered cloak (lightly wounded)
The magic dart hits Crazy Yiuf.
Crazy Yiuf is lightly wounded.
Casting: Magic Dart
Confirm with . or Enter, or press ? or * to list all spells.
Aiming: Magic Dart
Press: ? - help, Shift-Dir - straight line, f/p - Crazy Yiuf
Aim: Crazy Yiuf, wielding a quarterstaff of chaos and wearing an embroidered cloak (lightly wounded)
The magic dart hits Crazy Yiuf.
Crazy Yiuf is moderately wounded.
Crazy Yiuf whimpers, "Line!
Ten action shoe."
Crazy Yiuf hits you with a quarterstaff of chaos!
Ouch! That really hurt!
Casting: Magic Dart
Confirm with . or Enter, or press ? or * to list all spells.
You blink.
Crazy Yiuf hits you with a quarterstaff of chaos!
You die...

.#..........#.#...#########.#
.#..........#.#....# #.#
##..........'.#....# #.#
#.........######### #.#
#.........# #.# #.†.......#
#.## #.#####.### #####
####..# #.# #.# #)..###
#.....# ##.### #.#
#..@g§#####..)..# .....# #.#
#...##..#......## .....###.#
########.#....## .._......#
######## .....##### .....#
######### ##.### #.....#.#
#.# #.....#.# #.#####
########...#


You could see Crazy Yiuf.

Vanquished Creatures
  An adder (D:2)
  A worm (D:2)
  A dart slug (D:1)
  2 leopard geckos (D:1)
  2 giant cockroaches (D:1)
  6 goblins
  8 hobgoblins
  2 jackals (D:1)
  8 kobolds
  6 bats
  3 frilled lizards
  5 rats (D:1)
45 creatures vanquished.

Notes
Turn   | Place    | Note
-------+----------+-------------------------------------------
     0 | D:1      | Ordine the Deep Elf Wizard began the quest for the Orb.
     0 | D:1      | Reached XP level 1. HP: 10/10 MP: 7/7
    89 | D:1      | Reached XP level 2. HP: 15/15 MP: 1/9
   583 | D:1      | Learned a level 2 spell: Blink
   624 | D:1      | Reached skill level 5 in Spellcasting
   711 | D:1      | You fall through a shaft!
   735 | D:2      | Reached XP level 3. HP: 19/19 MP: 8/11
   870 | D:1      | Learned a level 3 spell: Conjure Flame
   874 | D:1      | Learned a level 3 spell: Mephitic Cloud
  1335 | D:2      | Found a hazy altar of Hepliaklqana.
  1383 | D:2      | Found an opulent altar of Gozag.
  1418 | D:2      | Found a bloodstained altar of Trog.
  2034 | D:2      | Found a runed door.
  2038 | D:2      | Noticed Crazy Yiuf
  2045 | D:2      | Slain by Crazy Yiuf

Vault maps used:
D:1:      erik_arrival_blinker_ship
D:2:      nicolae_overflow_crystal_walls, old_standard_altar,
          nicolae_gozag_seed_capital, uniq_crazy_yiuf_cottage

Skill      XL: |  1  2  3 |
---------------+----------+-----
Conjurations   | 2 |  2.9
Spellcasting   | 5 |  5.1
Stealth        | 3 |  3.1
Dodging        | |  2.4
Summonings     | |  1.1
Translocations | |  1.5

Action                   || total
-------------------------++-------
Melee: Club              ||     8
       Dagger            ||     1
 Cast: Magic Dart        ||   124
       Mephitic Cloud    ||     1
       Blink             ||     1
  Use: Scroll            ||     7
  Eat: Chunk             ||     3
Armor: Robe              ||     4
Dodge: Dodged            ||    31
